 Dungeon Crawl Stone Soup version 0.16-a0-4111-gf762223 (webtiles) character file.

565 timbw the Twirler (level 7, 0/53 HPs)
             Began as a Human Fighter on Feb 26, 2015.
             Killed by divine providence
             ... invoked by an orc priest
              (8 damage)
             ... on level 6 of the Dungeon.
             The game lasted 00:07:44 (1897 turns).

timbw the Twirler (Human Fighter)                   Turns: 1897, Time: 00:07:45

Health: 0/53       AC:  5    Str: 16    XL:     7   Next: 58%
Magic:  7/7        EV: 11    Int:  9    God:
Gold:   101        SH:  0    Dex: 14    Spells: 0 memorised, 6 levels left

rFire  . . .     SeeInvis .     k - +0 quarterstaff
rCold  . . .     Clarity  .     m - +0 ring mail
rNeg   . . .     SustAb   .     (no shield)
rPois  +         Gourm    .     (no helmet)
rElec  .         Spirit   .     (no cloak)
rCorr  .         Warding  .     (no gloves)
rMut   .         Stasis   .     (no boots)
MR     .....                    h - amulet of rage
Stlth  +.........               j - ring of teleport control
                                w - ring of poison resistance

@: not resistant to hostile enchantments, very unstealthy
A: no striking features
a: Evoke Berserk Rage, Evoke Teleport Control


You were on level 6 of the Dungeon.
You were not hungry.

You visited 1 branch of the dungeon, and saw 7 of its levels.

You collected 101 gold pieces.

Inventory:

Hand weapons
 a - a +0 trident
 k - a +0 quarterstaff (weapon)
Missiles
 l - 3 tomahawks (quivered)
 t - 12 poisoned needles
Armour
 b - a +0 scale mail
 c - a +0 shield
 m - a +0 ring mail (worn)
Jewellery
 g - an uncursed ring of teleportation
 h - an amulet of rage (around neck)
 j - a ring of teleport control (right hand)
 w - a ring of poison resistance (left hand)
Magical devices
 f - a wand of flame (13)
Scrolls
 i - 5 scrolls of identify {unknown}
 n - a scroll of remove curse
 p - a scroll of enchant armour {unknown}
 q - a scroll of amnesia {unknown}
 s - a scroll of immolation {unknown}
Potions
 e - a potion of might
Comestibles
 d - a bread ration
 o - 3 meat rations
 r - a chunk of flesh
 x - a fruit


   Skills:
 - Level 3.9 Fighting
 - Level 2.0(4.6) Polearms
 + Level 6.5(6.7) Staves
 - Level 3.0 Armour
 - Level 2.2 Dodging
 - Level 3.0 Shields


You had 6 spell levels left.
You didn't know any spells.

Dungeon Overview and Level Annotations

Branches:
Dungeon (7/15)
 Temple: D:4-7

Altars:
Ru
Trog
Vehumet
Xom


Message History

You hit the giant frog.
The giant frog is almost dead.
The giant frog barely misses you.
You sock the giant frog!
You kill the giant frog!
You sock the orc!
You kill the orc!
The orc priest hits you with a flail of holy wrath!
* * * LOW HITPOINT WARNING * * *
You completely miss the orc priest.
The orc priest is severely wounded.
You closely miss the orc priest.
The orc priest is severely wounded.
The orc priest hits you with a flail of holy wrath.
* * * LOW HITPOINT WARNING * * *
You completely miss the orc priest.
The orc priest is severely wounded.
The orc priest invokes the aid of Beogh against you.
Something smites you!
You die...

##..##+####l##......#
#...##...##.##+####.#
#.........+.# #.+
#####..##...##.+ #+#
##..##..##...##.#
#...........>...#
##########..##..##...##)##
.#....#.##..##..##...##..'
.'..............@o.......#
###.###.##.###..##...##.##
###)###'##.###..##...##.#
..'.....+..#....#.....+..
..#.....#..+....+.....#..#
.##.#########.######'##.##
+##.#########.######.##.#
..+......'....+... +.+...
#####.##.###+###'# #.# #


You could see an orc priest.

Vanquished Creatures
  2 ogres (D:6)
  2 giant frogs (D:6)
  A centaur zombie (D:5)
  An orc wizard (D:4)
  A giant frog skeleton (D:4)
  A worker ant (D:6)
  Natasha (D:6)
  An iguana (D:7)
  Ijyb (D:3)
  4 adders
  A worm (D:3)
  An adder skeleton (D:6)
  3 giant geckos
  7 orcs
  A bat (D:1)
  3 giant cockroaches
  11 goblins
  2 hobgoblins
  6 kobolds
  A quokka (D:3)
  3 giant newts
  3 rats
57 creatures vanquished.

Notes
Turn   | Place    | Note
--------------------------------------------------------------
     0 | D:1      | timbw, the Human Fighter, began the quest for the Orb.
     0 | D:1      | Reached XP level 1. HP: 18/18 MP: 1/1
   212 | D:1      | Reached XP level 2. HP: 14/24 MP: 2/2
   235 | D:1      | Reached skill level 1 in Dodging
   275 | D:2      | Reached XP level 3. HP: 21/29 MP: 3/3
   386 | D:3      | Found a sacrificial altar of Ru.
   403 | D:3      | Reached XP level 4. HP: 8/37 MP: 4/4
   702 | D:3      | Noticed Ijyb
   733 | D:3      | Killed Ijyb
   733 | D:3      | Reached skill level 1 in Staves
  1072 | D:4      | Reached XP level 5. HP: 42/42 MP: 5/5
  1180 | D:5      | Entered Level 5 of the Dungeon
  1398 | D:6      | Reached skill level 4 in Staves
  1398 | D:6      | Reached XP level 6. HP: 35/48 MP: 6/6
  1451 | D:6      | Noticed an ogre
  1466 | D:6      | Killed an ogre
  1469 | D:6      | Reached skill level 5 in Staves
  1491 | D:6      | Found a radiant altar of Vehumet.
  1491 | D:6      | Found a shimmering altar of Xom.
  1492 | D:6      | Found a bloodstained altar of Trog.
  1571 | D:6      | Noticed Natasha
  1578 | D:6      | Killed Natasha
  1590 | D:6      | Noticed an ogre
  1599 | D:6      | Killed an ogre
  1599 | D:6      | Reached XP level 7. HP: 40/53 MP: 7/7
  1639 | D:6      | Noticed an orc warrior
  1755 | D:7      | HP: 2/53 [centaur (2)]
  1771 | D:6      | Reached skill level 6 in Staves
  1897 | D:6      | Killed from afar by an orc priest

Action                   |  1- 3 |  4- 6 |  7- 9 || total
-------------------------+-------+-------+-------++-------
Melee: Trident           |    77 |     6 |       ||    83
       Quarterstaff      |       |   135 |    29 ||   164
 Abil: Evoke Berserk Rag |     1 |     4 |       ||     5
  Use: Scroll            |     1 |     1 |       ||     2
       Potion            |       |       |     3 ||     3
  Eat: Chunk             |       |     1 |     2 ||     3
       Bread ration      |       |     1 |       ||     1
